 Dungeon Crawl Stone Soup version 0.17.1-1-g73c8601 (console) character file.

106 Kloppie the Skirmisher (level 5, -1/44 HPs)
             Began as a Formicid Fighter on Dec 13, 2015.
             Was an Initiate of Cheibriados.
             Slain by a slave (8 damage)
             ... led by Pikel
             ... on level 3 of the Dungeon.
             The game lasted 00:04:16 (3205 turns).

Kloppie the Skirmisher (Formicid Fighter)           Turns: 3205, Time: 00:04:17

Health: -1/44      AC:  8    Str: 28    XL:     5   Next: 10%
Magic:  5/5        EV:  8    Int:  8    God:    Cheibriados [......]
Gold:   99         SH: 10    Dex: 11    Spells: 0 memorised, 4 levels left

rFire  . . .     SeeInvis +     a - +0 war axe
rCold  . . .     Clarity  .     b - +0 scale mail
rNeg   . . .     SustAt   .     c - +0 shield
rPois  .         Gourm    .     (helmet unavailable)
rElec  .         Spirit   .     (no cloak)
rCorr  .         Warding  .     (no gloves)
rMut   .         Stasis   +     p - +0 pair of boots
MR     .....                    (no amulet)
Stlth  ..........               (no ring)
                                (no ring)

@: mighty, very slow, not resistant to hostile enchantments, extremely
unstealthy
A: permanent stasis, dig shafts and tunnels, four strong arms, antennae 3
a: Dig, Shaft Self, Bend Time, Renounce Religion


You were on level 3 of the Dungeon.
You worshipped Cheibriados.
Cheibriados was noncommittal.
You were hungry.

You visited 1 branch of the dungeon, and saw 4 of its levels.

You collected 99 gold pieces.

Inventory:

Hand Weapons
 a - a +0 war axe (weapon)
Armour
 b - a +0 scale mail (worn)
 c - a +0 shield (worn)
 p - a +0 pair of boots (worn)
Jewellery
 g - an uncursed amulet of stasis {unknown}
 w - a cursed -3 ring of protection {unknown}
Wands
 y - a wand of disintegration (8)
Scrolls
 f - 3 scrolls of fog {unknown}
 i - a scroll of teleportation {unknown}
 k - 3 scrolls of amnesia {unknown}
 m - 3 scrolls of identify {unknown}
 n - a scroll of blinking {unknown}
 o - 4 scrolls of remove curse {unknown}
 q - 2 scrolls of fear {unknown}
 r - a scroll of immolation {unknown}
 v - 2 scrolls of magic mapping {unknown}
Potions
 d - 2 potions of might
 h - 2 potions of magic {unknown}
 j - a potion of cancellation {unknown}
 l - a potion of lignification {unknown}
 s - 3 potions of curing {unknown}
 t - a potion of haste {unknown}
Comestibles
 e - 3 bread rations
 u - a beef jerky
 x - a meat ration


   Skills:
 + Level 5.0 Fighting
 + Level 3.4 Axes
 - Level 3.2 Armour
 - Level 3.6 Shields


You had 4 spell levels left.
You didn't know any spells.

Dungeon Overview and Level Annotations

Branches:
Dungeon (4/15)
 Temple: D:4-7

Altars:
Ashenzari
Cheibriados
Trog
Yredelemnul

Annotations:
D:4 Pikel


Innate Abilities, Weirdness & Mutations

You are under a permanent stasis effect.
You can dig through walls and to a lower floor.
Your four strong arms can wield two-handed weapons with a shield.
You have a pair of large antennae on your head (SInv).


Message History

* * * LOW HITPOINT WARNING * * *
You barely miss the slave.
The slave is severely wounded.
You block the slave's attack.
You closely miss the slave.
The slave is severely wounded.
You block the slave's attack.
Drink which item? (? for menu, Esc to quit)
You feel very mighty all of a sudden. The slave hits you but does no damage.
You slash the slave!
You kill the slave!
That felt strangely unrewarding.
You slash the slave!
The slave is severely wounded.
You block the slave's attack. x2
You hit the slave.
The slave is almost dead.
The slave hits you!
You die...

#.# #.##.###.#.# ####.......
#.# #.##..##.#.# #..........
#.#
#.##..##.#.######..........
..#
#.##..##.#.##...+......####
###
#.##...#.#.##.###...#######
#.##........[..............
#.####.#.#.##.#.###########
#.............#.#..........
####.##.#.#.#@#..._).###.###.#
#....##.#...#p#.##.#.# #.# #.#
#.......##..#.#......###.###..
#....#####.>.................#
#....# ####..........#.###.#
#....# ##...............#
###### #..#####........# #..#
#..#.###.# #..# #..#.# #.#


You could see a slave.

Vanquished Creatures
  A slave (D:3)
  4 adders
  2 worms
  3 giant geckos
  3 orcs (D:3)
  12 bats
  3 giant cockroaches
  5 goblins
  7 hobgoblins
  7 kobolds
  A quokka (D:3)
  3 giant newts
  12 rats
63 creatures vanquished.

Notes
Turn   | Place    | Note
--------------------------------------------------------------
     0 | D:1      | Kloppie the Formicid Fighter began the quest for the Orb.
     0 | D:1      | Reached XP level 1. HP: 18/18 MP: 1/1
   139 | D:1      | Reached XP level 2. HP: 21/24 MP: 2/2
   752 | D:2      | Reached XP level 3. HP: 30/30 MP: 3/3
   756 | D:2      | Reached skill level 4 in Fighting
  1128 | D:2      | Reached XP level 4. HP: 26/38 MP: 4/4
  1929 | D:3      | Found a shattered altar of Ashenzari.
  2017 | D:3      | Found a basalt altar of Yredelemnul.
  2074 | D:3      | Found a snail-covered altar of Cheibriados.
  2674 | D:3      | Reached skill level 5 in Fighting
  2674 | D:3      | Reached XP level 5. HP: 42/44 MP: 5/5
  2875 | D:3      | Found a bloodstained altar of Trog.
  3139 | D:3      | Became a worshipper of Cheibriados the Contemplative
  3178 | D:4      | Noticed a slave
  3178 | D:4      | Noticed a slave
  3180 | D:4      | Noticed a slave
  3181 | D:4      | Noticed Pikel
  3181 | D:4      | Noticed a slave
  3203 | D:3      | Killed a slave
  3205 | D:3      | Slain by a slave

Action                   |  1- 3 |  4- 6 || total
-------------------------+-------+-------++-------
Melee: War axe           |   122 |   145 ||   267
  Use: Potion            |       |     1 ||     1
  Eat: Chunk             |     1 |     6 ||     7
